 Dungeon Crawl Stone Soup version 0.28-a0-1616-g050a50673c (webtiles) character file.

Game seed: 3657017795835302209

179 Shayle the Sneak (level 5, 0/38 HPs)
             Began as a Djinni Warper on Jan 22, 2022.
             Slain by Natasha (7 damage)
             ... on level 2 of the Dungeon.
             The game lasted 00:11:17 (3363 turns).

Shayle the Sneak (Djinni Warper)                    Turns: 3363, Time: 00:11:18

Health: 0/38       AC:  4    Str: 10    XL:     5   Next: 90%
Gold:   79         EV: 11    Int: 16    God:
                   SH:  0    Dex: 13

rFire   + + .      SeeInvis .   h - +1 rapier (speed)
rCold   x . .      Faith    .   (no shield)
rNeg    . . .      Spirit   .   a - +0 leather armour
rPois   ∞          Reflect  .   e - +0 helmet
rElec   .          Harm     .   (no cloak)
rCorr   .          Rampage  .   (no gloves)
Will    .....                   (boots unavailable)
Stlth   ++........              (no amulet)
HPRegen 0.12/turn               (no ring)
MPRegen 0.00/turn               (no ring)

@: flying
A: sickness immunity, fire resistance 2, cold vulnerability 1, float, innate
caster, hp casting, extra vitality 1
a: no special abilities


You were on level 2 of the Dungeon.
You visited 1 branch of the dungeon, and saw 3 of its levels.

You collected 79 gold pieces.

Inventory:

Hand Weapons
 h - a +1 rapier of speed (weapon)
Missiles
 c - 4 boomerangs of dispersal (quivered)
Armour
 a - a +0 leather armour (worn)
 e - a +0 helmet (worn)
Scrolls
 b - 2 scrolls of blinking
 i - a scroll of teleportation
Potions
 d - a potion of haste {unknown}
 f - a potion of brilliance {unknown}
 g - a potion of attraction
 j - a potion of flight {unknown}
 k - a potion of curing
 l - a potion of lignification {unknown}


   Skills:
 - Level 2.0 Fighting
 - Level 0.7 Throwing
 - Level 1.0 Armour
 - Level 2.1 Dodging
 + Level 4.6 Stealth
 - Level 2.0 Unarmed Combat
 - Level 2.4 Spellcasting


You couldn't memorise any spells.
You knew the following spells:

 Your Spells              Type           Power      Damage    Failure   Level
a - Blink                 Tloc           18%        N/A       16%         2
b - Lesser Beckoning      Tloc           9%         N/A       30%         3
c - Gell's Gravitas       Tloc           9%         N/A       30%         3
d - Teleport Other        Tloc           9%         N/A       30%         3
e - Manifold Assault      Tloc           9%         N/A       95%         5
f - Magic Dart            Conj           36%        1d4       10%         1
g - Searing Ray           Conj           18%        2d5       16%         2
Your spell library was empty.

Dungeon Overview and Level Annotations

Branches:
Dungeon (3/15)

Altars:

Annotations:
D:2 Natasha
D:3 Grinder


Innate Abilities, Weirdness & Mutations

You are immune to sickness and miasma.
You are immune to poison.
Your flesh is very heat resistant. (rF++)
You are vulnerable to cold. (rC-)
You float through the air rather than walking.
You learn spells naturally, not from books.
Your magical power is your life essence.
You have superior vitality. (+4 MHP)


Message History

Natasha claws you.
You hit Natasha.
Natasha is almost dead.
Natasha drinks a potion.
Natasha is healed!
You hit Natasha.
Natasha is heavily wounded.
Natasha claws you.
You closely miss Natasha.
Natasha is heavily wounded.
Natasha closely misses you.
You hit Natasha but do no damage.
Natasha is heavily wounded.
You miss Natasha.
Natasha is heavily wounded.
Natasha claws you.
You hit Natasha.
Natasha is severely wounded.
Natasha claws you.
You closely miss Natasha.
Natasha is severely wounded.
Natasha closely misses you.
You miss Natasha.
Natasha is severely wounded.
Natasha stares at you and mumbles some strange words.
The magic dart hits you.
* * * LOW HITPOINT WARNING * * *
You closely miss Natasha.
Natasha is severely wounded.
You barely miss Natasha.
Natasha is severely wounded.
Natasha claws you.
* * * LOW HITPOINT WARNING * * *
You hit Natasha but do no damage.
Natasha is severely wounded.
Natasha casts a spell at you. You resist with some effort.
You barely miss Natasha.
Natasha is severely wounded.
Natasha claws you!
You die...

#.###......##......###.###.......
#.#####.............#............
........#........................
.....#####.......................
>....# #..................#####
.....#####..................#
####........................#
#######..................#
####...@h..........#
##..............### ##
##...............## .######
####.............# .....>###
#...........#.# #####...#
##........#...# #####
#..........#### #..........#
#.....†....#


You could see Natasha.

Vanquished Creatures
  A howler monkey (D:3)
  Natasha (twice) (D:2)
  A gnoll (D:3)
  An adder (D:3)
  4 dart slugs
  7 ball pythons
  3 bats
  4 endoplasms
  2 giant cockroaches
  3 goblins
  8 hobgoblins
  8 jackals
  A kobold (D:1)
  A quokka (D:3)
  11 rats
57 creatures vanquished.

Vanquished Creatures (others)
  2 fungi (D:3)
  A plant (D:3)
3 creatures vanquished.

Grand Total: 60 creatures vanquished

Notes
Turn   | Place    | Note
-------+----------+-------------------------------------------
     0 | D:1      | Shayle the Djinni Warper began the quest for the Orb.
     0 | D:1      | Reached XP level 1. HP: 18/18 MP: 0/0
    24 | D:1      | Reached skill level 1 in Stealth
    24 | D:1      | Reached XP level 2. HP: 23/23 MP: 0/0
   534 | D:1      | Reached skill level 2 in Stealth
   557 | D:1      | Reached XP level 3. HP: 17/28 MP: 0/0
   557 | D:1      | Learned a level 1 spell: Magic Dart
  1115 | D:1      | Found a faded altar of an unknown god.
  1953 | D:3      | Noticed Natasha
  1972 | D:3      | Reached skill level 3 in Stealth
  1972 | D:3      | Reached XP level 4. HP: 19/33 MP: 0/0
  2417 | D:3      | Reached XP level 5. HP: 19/38 MP: 0/0
  2417 | D:3      | Learned a level 2 spell: Searing Ray
  2498 | D:3      | Reached skill level 4 in Stealth
  2747 | D:3      | Noticed Grinder
  3108 | D:2      | Killed Natasha
  3272 | D:2      | Noticed Natasha
  3279 | D:2      | Killed Natasha
  3344 | D:2      | Noticed Natasha
  3363 | D:2      | Slain by Natasha

Illustrated notes

Levels and vault maps discovered:
D:1:      elethiomel_arrival_shortcut, layout_basic,
          ebering_ecumenical_altar_sacrificial
D:2:      layout_rooms
D:3:      lemuel_castle_with_subvaults [lemuel_castle_interior_original],
          layout_loops_corners, portal_sewer_entry_e, uniq_natasha, uniq_grinder

Skill      XL: |  1  2  3  4  5 |
---------------+----------------+-----
Stealth        | 1 2 3 4 |  4.6
Fighting       | |  2.0
Throwing       | |  0.7
Armour         | |  1.0
Dodging        | |  2.1
Unarmed Combat | |  2.0
Spellcasting   | |  2.4

Action                   |  1- 3 |  4- 6 || total
-------------------------+-------+-------++-------
Melee: Unarmed           |    98 |       ||    98
       Punch             |     1 |     2 ||     3
       Rapier            |    16 |   100 ||   116
Throw: Boomerang         |       |     1 ||     1
 Cast: Magic Dart        |    21 |       ||    21
       Blink             |     1 |       ||     1
  Use: Potion            |       |     2 ||     2
       Scroll            |       |     2 ||     2
 Stab: Sleeping          |       |     2 ||     2
Armor: Leather armour    |    44 |    17 ||    61
Dodge: Dodged            |    88 |    51 ||   139

Table legend: (Time is in decaauts)
 A = Elapsed time spent in this place.
 B = Non-inter-level travel time spent in this place.
 C = Inter-level travel time spent in this place.
 D = Time resting spent in this place.
 E = Time spent auto-exploring this place.
 F = Levels seen in this place.
 G = Mean time per level.
                   A        B        C        D        E       F      G
               +--------+--------+--------+--------+--------+-----+--------+
         Total |   3337 |   3255 |     82 |    631 |   1822 |   3 | 1112.3 |
       Dungeon |   3337 |   3255 |     82 |    631 |   1822 |   3 | 1112.3 |
               +--------+--------+--------+--------+--------+-----+--------+

Top non-repeatable levels by time:
     D:1: 1655 daAuts
     D:3: 958 daAuts
     D:2: 723 daAuts
